 Dungeon Crawl Stone Soup version 0.30.0-5-g1a98f26d00 (webtiles) character file.

Game seed: 7749096933737321561

29 ChrisAssaf the Chiller (level 3, -3/26 HPs)
             Began as a Meteoran Ice Elementalist on May 12, 2023.
             Slain by Crazy Yiuf
             ... wielding a +2 quarterstaff of chaos
              (16 damage)
             ... on level 2 of the Dungeon.
             The game lasted 00:04:51 (994 turns).

ChrisAssaf the Chiller (Meteoran Ice Elementalist)   Turns: 994, Time: 00:04:52

Health: -3/26      AC:  4    Str:  9    XL:     3   Next: 52%
Magic:  3/8        EV: 12    Int: 19    God:
Gold:   54         SH:  0    Dex: 14    Spells: 0/7 levels left

rFire   + . .        (no weapon)
rCold   . . .        (no shield)
rNeg    . . .        a - +2 robe
rPois   .            (no helmet)
rElec   .            (no cloak)
rCorr   .            (no gloves)
SInv    .            (no boots)
Will    .....        (no amulet)
Stlth   +            d - ring of protection from fire
HPRegen 0.24/turn    (no ring)
MPRegen 0.11/turn

%: no passive effects
@: freezing walls, hasted, glowing, very quick
A: sense surroundings 1, otherworldly, glowing, explore regen
a: no special abilities


You were on level 2 of the Dungeon.
You visited 1 branch of the dungeon, and saw 2 of its levels.

You collected 54 gold pieces.

Inventory:

Armour
 a - a +2 robe (worn)
Jewellery
 d - a ring of protection from fire (left hand)
Scrolls
 e - a scroll of fog
 f - a scroll of teleportation {unknown}
 j - a scroll of poison
 k - a scroll of blinking
 m - a scroll of magic mapping {unknown}
Potions
 b - a potion of magic
 c - a potion of mutation {unknown}
 g - a potion of curing {unknown}
 h - a potion of attraction {unknown}
 i - a potion of haste


   Skills:
 * Level 2.7 Dodging
 * Level 1.5 Stealth
 * Level 2.8 Spellcasting
 * Level 0.4 Summonings
 * Level 5.1 Ice Magic


You couldn't memorise any spells.
You knew the following spells:

 Your Spells              Type           Power      Damage    Failure   Level
a - Freeze                Ice            88%        1d9       1%          1
b - Frozen Ramparts       Ice            44%        1d7       5%          3
c - Call Canine Familiar  Summ           4%         N/A       36%         3

Your spell library contained the following spells:

 Spells                   Type           Power      Damage    Failure   Level
 Ozocubu's Armour         Ice            22%        N/A       5%          3
 Portal Projectile        Hex/Tloc       4%         N/A       43%         3
 Summon Ice Beast         Ice/Summ       13%        N/A       43%         4
 Leda's Liquefaction      Hex/Erth       1%         N/A       83%         4


Dungeon Overview and Level Annotations

Branches:
Dungeon (2/15) Zot: 205

Altars:

Shops:
D:1 [

Annotations:
D:2 Crazy Yiuf


Innate Abilities, Weirdness & Mutations

You passively map a small area around you.
You are easily found by Zot.
You glow in the dark.
You regain HP and MP as you explore.


Message History

You kill the worm!
The frozen ramparts melt away as you move.
You see here a worm corpse.
Found a hammer.
Found a runed translucent door.
Crazy Yiuf shouts!
You open the door.
Crazy Yiuf grits, "Orb sing stair!"
Crazy Yiuf laughs, "Papa!
Candle water koolooloo."
Crazy Yiuf screams, "Cod!
Earwax down agre."
Crazy Yiuf says, "Shower tea shrimp!"
Casting: Freeze (safe; 1% risk of failure)
Confirm with . or Enter, or press ? or * to list all spells.
The spell is quite dangerous to miscast (5% risk of failure)!
Continue anyway? [Y]es or [N]o only, please.
The spell is quite dangerous to miscast (5% risk of failure)!
Continue anyway?
Casting: Frozen Ramparts (quite dangerous; 5% risk of failure)
Press: ? - help, Dir - look around, f - activate The walls around you are covered in ice.
The wall freezes Crazy Yiuf.
Crazy Yiuf barely misses you.
Unknown command.
Aiming: Freeze (safe; 1% risk of failure)
Press: ? - help, Q - select action Shift-Dir - straight line, f - Crazy Yiuf
Aim: Crazy Yiuf, wielding a +2 quarterstaff of chaos and wearing a +0 cloak (lightly wounded)
You freeze Crazy Yiuf.
Crazy Yiuf is moderately wounded.
The wall freezes Crazy Yiuf.
Crazy Yiuf hits you with a +2 quarterstaff of chaos.
Aiming: Freeze (safe; 1% risk of failure)
Press: ? - help, Q - select action Shift-Dir - straight line, f/p - Crazy Yiuf
Aim: Crazy Yiuf, wielding a +2 quarterstaff of chaos and wearing a +0 cloak (moderately wounded)
You freeze Crazy Yiuf.
Crazy Yiuf is heavily wounded.
The wall freezes Crazy Yiuf but does no damage.
Crazy Yiuf hits you with a +2 quarterstaff of chaos!
Space warps around you.
It was a potion of haste.
You feel yourself speed up.
The wall freezes Crazy Yiuf.
Crazy Yiuf hits you with a +2 quarterstaff of chaos!
Ouch! That really hurt!
You die...

#.........#
♣♣.♣
##.......
#.........#
♣.♣♣
#...###.##
#.........#
♣♣.♣ ###.#
#.##
#.........#
♣.♣♣
###.###.†.
###########
♣♣.♣♣
#.........
♣.PP♣♣
##........
♣..PP♣
#........
#g...#
#.#######
#@...#####.#
##...#.....#
##....#####
######


You could see Crazy Yiuf.

Vanquished Creatures
  A worm (D:2)
  5 ball pythons
  2 endoplasms (D:1)
  2 goblins
  4 hobgoblins
  A quokka (D:1)
  4 bats
  A frilled lizard (D:1)
  4 kobolds
  A rat (D:2)
25 creatures vanquished.

Notes
Turn   | Place    | Note
-------+----------+-------------------------------------------
     0 | D:1      | ChrisAssaf the Meteoran Ice Elementalist began the quest
                  | for the Orb.
     0 | D:1      | Reached XP level 1. HP: 14/14 MP: 5/5
    27 | D:1      | Found Raer's Armour Boutique.
   174 | D:1      | Reached XP level 2. HP: 20/20 MP: 3/6
   694 | D:2      | Reached XP level 3. HP: 23/26 MP: 5/8
   698 | D:2      | Learned a level 3 spell: Frozen Ramparts
   702 | D:2      | Learned a level 3 spell: Call Canine Familiar
   773 | D:2      | Reached skill level 5 in Ice Magic
   978 | D:2      | Found a runed translucent door.
   979 | D:2      | Noticed Crazy Yiuf
   994 | D:2      | Slain by Crazy Yiuf

Illustrated notes

Levels and vault maps discovered:
D:1:      dpeg_arrival_windows_large_door, layout_loops_ring, serial_shops,
          nicolae_shop_tiny_statue_garden
D:2:      layout_basic, minmay_3d_cube, uniq_crazy_yiuf_cottage

Skill      XL: |  1  2  3 |
---------------+----------+-----
Ice Magic      | 5 |  5.1
Dodging        | |  2.7
Stealth        | |  1.5
Spellcasting   | |  2.8
Summonings     | |  0.4

Action                     || total
---------------------------++-------
   Cast: Freeze            ||    31
         Frozen Ramparts   ||     4
    Use: Scroll            ||     6
         Potion            ||     1
 Armour: Robe              ||     5
  Dodge: Dodged            ||    12
